 Dungeon Crawl Stone Soup version 0.31-a0-981-geadf994542 (webtiles) character file.

Game seed: 14813556822815383042

2778 Malachi the Mimic (level 9, 0/59 HPs)
             Began as a Demonspawn Shapeshifter on Oct 31, 2023.
             Was a Believer of Uskayaw.
             Slain by a scorpion (3 damage)
             ... summoned by Amaemon
             ... on level 7 of the Dungeon.
             The game lasted 00:11:08 (7574 turns).

Malachi the Mimic (Demonspawn Shapeshifter)         Turns: 7574, Time: 00:11:10

Health: 0/59       AC: 14    Str: 19    XL:     9   Next: 42%
Magic:  8/8        EV:  5    Int: 11    God:    Uskayaw [**....]
Gold:   498        SH:  0    Dex: 13    Spells: 8/8 levels left

rFire   + .          .
                       - Unarmed
rCold   . . .        (no shield)
rNeg    . . .        k - +1 plate armour
rPois   .            (helmet currently unavailable)
rElec   .            (cloak currently unavailable)
rCorr   .            (gloves currently unavailable)
SInv    .            (boots currently unavailable)
Will    +....        H - amulet of regeneration Stlth
                     g - ring of flight
HPRegen 1.09/turn    h - ring of willpower
MPRegen 0.11/turn

%: no passive effects
@: confused, lethally poisoned (0 -> -9), about to teleport, beast-form,
ambrosia-drunk, flying, hasted, very quick
A: beast (slay +4), demonic guardian 1, sharp scales 3, fangs 1, talons 1, fire
resistance 1, low MP 1, evolution 1
a: Begin Untransformation, Renounce Religion, Stomp, Line Pass


You were on level 7 of the Dungeon.
You worshipped Uskayaw.
Uskayaw was noncommittal.
You were a hulking beast.
You visited 2 branches of the dungeon, and saw 9 of its levels.
You also visited: Sewer and Ossuary.

You collected 529 gold pieces.
You spent 31 gold pieces at shops.

Inventory:

Missiles
 f - 15 poisoned darts
Armour
 k - a +1 plate armour (worn)
 m - the +2 pair of boots of the Bellicose God {Dex+3 Stlth+}
   (You acquired it on level 3 of the Dungeon)

   Dex+3:     It affects your dexterity (+3).
   Stlth+:    It makes you more stealthy.
 w - a scarf of repulsion
Jewellery
 g - a ring of flight (left hand)
 h - a ring of willpower (right hand)
 H - an amulet of regeneration (around neck)
Talismans
 c - a beast talisman
 d - a flux talisman
 l - a serpent talisman
 y - a blade talisman
Wands
 s - a wand of flame (14) (quivered)
 u - a wand of polymorph (7)
 z - a wand of charming (3)
 D - a wand of digging (5)
 E - a wand of mindburst (39)
 F - a wand of roots (8)
Scrolls
 a - a scroll of enchant weapon
 b - 5 scrolls of fog
 e - 4 scrolls of teleportation
 i - 2 scrolls of poison
 r - 3 scrolls of revelation
 G - a scroll of silence
Potions
 n - a potion of cancellation
 o - 8 potions of enlightenment
 q - a potion of heal wounds {unknown}
 t - 2 potions of invisibility {unknown}
 v - 3 potions of curing {unknown}
 x - 6 potions of lignification
 A - 2 potions of magic {unknown}
 B - 5 potions of degeneration
 C - a potion of might {unknown}


   Skills:
 - Level 1.0 Fighting
 - Level 1.7 Dodging
 - Level 6.5 Unarmed Combat
 + Level 9.9 Shapeshifting


You had 8 spell levels left.
You didn't know any spells.
Your spell library contained the following spells:

 Spells                   Type           Power      Damage    Failure   Level
 Inner Flame              Hex/Fire       0%         N/A       100%        3
 Animate Dead             Necr           0%         N/A       100%        4
 Flame Wave               Conj/Fire      0%         2d4       100%        4
 Sticky Flame             Conj/Fire      0%         2d3       100%        4
 Vhi's Electric Charge    Tloc/Air       0%         N/A       100%        4
 Arcjolt                  Conj/Air       0%         1d10      100%        5
 Haunt                    Necr/Summ      0%         N/A       100%        7
 Infestation              Necr           0%         N/A       100%        8
 Maxwell's Capacitive Co  Air            0%         ∞         100%        8


Dungeon Overview and Level Annotations

Branches:
Dungeon (8/15)             Temple (1/1) D:6           Sewer (visited)
Ossuary (visited)
   Lair: D:8-11

Altars:
Ashenzari
Okawaru
Qazlal
Ru
Uskayaw
Xom

Shops:
D:5 [   D:6 [   D:7 *(=(

Annotations:
D:7 Amaemon


Innate Abilities, Weirdness & Mutations

You are a hulking beast.
Your limbs bulge with bestial killing power. (Slay +4)
A weak demonic guardian rushes to your aid.
You are completely covered in razor-sharp scales. (AC +3, Slay +3)
You have very sharp teeth.
You have sharp toenails.
Your flesh is heat resistant. (rF+)
Your magical capacity is low. (-10% MP)
You have hidden genetic potential.


Message History

Amaemon is heavily wounded.
You feel sick.
Amaemon points at the scorpion and mumbles some strange words.
The scorpion seems to grow toxic.
The scorpion stings you but does no damage.
You hit Amaemon. You claw Amaemon. You punch Amaemon! Your bite misses Amaemon.
Amaemon is heavily wounded.
You feel sick. The scorpion barely misses you.
Amaemon hits you with a +0 demon whip of venom.
You are more poisoned.
Amaemon claws you but does no damage.
Amaemon tail-slaps you but does no damage.
The scorpion stings you but does no damage.
Okay, then.
As you read the scroll of teleportation, it crumbles to dust.
You feel strangely unstable.
You feel very sick.
The scorpion stings you but does no damage. x4
Amaemon hits you with a +0 demon whip of venom!
* * * LOW HITPOINT WARNING * * *
Amaemon claws you but does no damage. Amaemon closely misses you.
It was a potion of haste.
You feel yourself speed up.
You feel very sick. The scorpion stings you.
* * * LOW HITPOINT WARNING * * *
The scorpion stings you but does no damage. x2
The scorpion stings you.
* * * LOW HITPOINT WARNING * * *
You are lethally poisoned!
The scorpion poisons you! Amaemon barely misses you. Amaemon claws you.
* * * LOW HITPOINT WARNING * * *
Amaemon tail-slaps you but does no damage.
It was a potion of ambrosia.
You are confused.
You feel invigorated.
* * * LOW HITPOINT WARNING * * *
You feel very sick.
The scorpion stings you but does no damage.
The scorpion barely misses you. The scorpion stings you.
You die...

############
#.....shss.#############
#.....ss6...............
#..........###########.#
####..###### #.#
#.###### #.# ##.#....#
#'# #..#)...# #..
#.##....# #######
##.##....# #...#.'


You could see Amaemon and 5 scorpions.

Vanquished Creatures
  Menkaure (D:4)
  Edmund (D:4)
  A water moccasin (D:6)
  Duvessa (D:6)
  2 orc warriors (D:7)
  A sky beast (D:7)
  2 ice beasts (D:6)
  2 black bears
  2 ogres
  A centaur (D:7)
  3 scorpions
  Dowan (D:6)
  4 wights (D:7)
  A jelly (D:7)
  4 orc priests
  3 hounds (D:5)
  2 sleepcaps
  2 iguanas
  2 orc wizards
  3 mummies (Ossuary)
  7 gnolls
  10 adders
  7 river rats
  5 adder zombies (Ossuary)
  A dart slug (D:5)
  3 worms
  21 orcs
  9 ball pythons
  16 bats
  7 endoplasms
  9 giant cockroaches
  3 goblins
  2 hobgoblins (D:3)
  3 jackals (D:2)
  4 quokkas
  4 frilled lizards
  3 goblin zombies (Ossuary)
  2 hobgoblin zombies (Ossuary)
  4 kobolds
  3 kobold zombies (Ossuary)
  3 quokka zombies (Ossuary)
  7 rats
  2 rat zombies (Ossuary)
174 creatures vanquished.

Vanquished Creatures (collateral kills)
  Grinder (D:4)
  Ijyb (D:3)
  A ball python (D:3)
  An endoplasm (D:3)
  A rat (D:3)
5 creatures vanquished.

Grand Total: 179 creatures vanquished

Notes
Turn   | Place    | Note
-------+----------+-------------------------------------------
     0 | D:1      | Malachi the Demonspawn Shapeshifter began the quest for the
                  | Orb.
     0 | D:1      | Reached XP level 1. HP: 15/15 MP: 1/1
   250 | D:1      | Gained mutation: A weak demonic guardian rushes to your
                  | aid. [demonic ancestry]
   250 | D:1      | Reached XP level 2. HP: 4/21 MP: 2/2
  1013 | D:2      | Reached XP level 3. HP: 26/26 MP: 3/3
  1603 | D:3      | Reached XP level 4. HP: 31/32 MP: 4/4
  1606 | D:3      | You are sucked into a shaft and drop 1 floor!
  1635 | D:4      | Noticed Grinder
  1648 | D:4      | Killed Grinder
  1649 | D:4      | Reached skill level 5 in Unarmed Combat
  1649 | D:4      | Reached skill level 3 in Shapeshifting
  1649 | D:4      | Gained mutation: You are partially covered in razor-sharp
                  | scales. (AC +1, Slay +1) [demonic ancestry]
  1649 | D:4      | Reached XP level 5. HP: 26/37 MP: 5/5
  1811 | D:4      | Gained mutation: You are mostly covered in razor-sharp
                  | scales. (AC +2, Slay +2) [demonic ancestry]
  1811 | D:4      | Reached XP level 6. HP: 43/43 MP: 6/6
  1814 | D:4      | Found a sand-covered staircase.
  1819 | Ossuary  | Entered an ossuary
  1834 | Ossuary  | Reached skill level 4 in Shapeshifting
  2359 | D:4      | Noticed Edmund
  2383 | D:4      | Killed Edmund
  2529 | D:4      | Noticed Menkaure
  2534 | D:4      | Killed Menkaure
  2535 | D:4      | Reached XP level 7. HP: 24/48 MP: 7/7
  3210 | D:3      | Identified a scroll of acquirement
  3210 | D:3      | Acquired the +2 pair of boots of the Bellicose God {Dex+3
                  | Stlth+}
  3294 | D:3      | Noticed Ijyb
  3312 | D:3      | Killed Ijyb
  3387 | D:3      | Reached skill level 5 in Shapeshifting
  3744 | D:5      | Entered Level 5 of the Dungeon
  4029 | D:5      | Reached skill level 6 in Shapeshifting
  4029 | D:5      | Gained mutation: You are completely covered in razor-sharp
                  | scales. (AC +3, Slay +3) [demonic ancestry]
  4029 | D:5      | Reached XP level 8. HP: 36/54 MP: 8/8
  4596 | D:5      | Found Gyvae's Antique Armour Shop.
  4913 | D:5      | Gained mutation: You occasionally shout uncontrollably at
                  | your foes. [potion of mutation]
  4913 | D:5      | Gained mutation: You possess an exceptional clarity of
                  | mind. [potion of mutation]
  4913 | D:5      | Gained mutation: Your flesh is heat resistant. (rF+)
                  | [potion of mutation]
  4914 | D:5      | Lost mutation: You occasionally shout uncontrollably at
                  | your foes. [potion of mutation]
  4914 | D:5      | Lost mutation: You possess an exceptional clarity of mind.
                  | [potion of mutation]
  4914 | D:5      | Gained mutation: You have hidden genetic potential. [potion
                  | of mutation]
  4914 | D:5      | Gained mutation: Your magical capacity is low. (-10% MP)
                  | [potion of mutation]
  4914 | D:5      | Gained mutation: You have very sharp teeth. [potion of
                  | mutation]
  4955 | D:6      | Reached skill level 7 in Shapeshifting
  5213 | D:6      | Found Gyzxei's Armour Emporium.
  5215 | D:6      | Found a staircase to the Ecumenical Temple.
  5251 | D:6      | Found a glowing drain.
  5304 | Sewer    | Entered a sewer
  5834 | D:6      | Reached skill level 8 in Shapeshifting
  5879 | D:6      | Noticed Dowan
  5880 | D:6      | Noticed Duvessa
  5886 | D:6      | Killed Duvessa
  5892 | D:6      | Killed Dowan
  6530 | Temple   | Entered the Ecumenical Temple
  6540 | Temple   | Became a worshipper of Uskayaw the Reveller
  6610 | D:7      | Reached * piety under Uskayaw
  6612 | D:7      | Reached ** piety under Uskayaw
  6622 | D:7      | Found Jegremiz's Antique Weapon Boutique.
  6652 | D:7      | Reached XP level 9. HP: 56/58 MP: 8/8
  6655 | D:7      | Reached *** piety under Uskayaw
  6657 | D:7      | Found Faogots's Assorted Antiques.
  6659 | D:7      | Reached **** piety under Uskayaw
  6661 | D:7      | Reached ***** piety under Uskayaw
  6663 | D:7      | Reached skill level 9 in Shapeshifting
  6684 | D:7      | Gained mutation: You have sharp toenails. [hidden
                  | potential]
  6736 | D:7      | Bought a scroll labelled LICVIJIDIF for 31 gold pieces
  6853 | D:7      | Found Faeblur's Weapon Emporium.
  7363 | D:7      | Found Ometut's Jewellery Emporium.
  7561 | D:8      | Noticed Amaemon
  7562 | D:8      | Noticed an orange demon
  7574 | D:7      | Slain by a scorpion

Illustrated notes

Levels and vault maps discovered:
D:1:      onia_arrival_pyramid, layout_basic, chequers_serial_rivers_micro_a,
          chequers_mini_garden, wad_floor_pattern_1, hangedman_feature_mirror,
          minmay_small_reverse_x
D:2:      layout_rooms, kennysheep_crisscross, kennysheep_generic_room_10
D:3:      layout_rooms, uniq_ijyb
D:4:      layout_gridville, enter_ossuary_2, minmay_statues_item, uniq_menkaure,
          uniq_edmund, uniq_grinder
D:5:      layout_loops_cross, serial_shops, shop, chequers_arboretum
D:6:      layout_basic, tso_metal_star, nicolae_overflow_hidden_temple,
          temple_statues, portal_sewer_entry_a, serial_shops,
          nicolae_shop_statue_plus, uniq_duvessa
D:7:      nicolae_cairo_tiling_large, layout_rooms, serial_shops,
          nicolae_take_the_stairs, nicolae_shop_tiny_waterfront,
          nicolae_shop_real_fake_doors, shop_statue
D:8:      kennysheep_blocky_hall, layout_loops_ring, lemuel_doored_altar,
          uniq_amaemon
Temple:   nicolae_temple_bog_church

Skill      XL: |  1  2  3  4  5  6  7  8  9 |
---------------+----------------------------+-----
Unarmed Combat | 3 4 5 6 |  6.5
Shapeshifting  | 3 4 6 8 9 |  9.9
Fighting       | |  1.0
Dodging        | |  1.7

Action                     |  1- 3 |  4- 6 |  7- 9 || total
---------------------------+-------+-------+-------++-------
  Melee: Unarmed           |   106 |    76 |   296 ||   478
         Punch             |     1 |     2 |    18 ||    21
         Bite              |       |       |    22 ||    22
         Kick              |       |       |    21 ||    21
  Throw: Dart              |       |    10 |       ||    10
  Evoke: Wand              |       |     4 |     7 ||    11
    Use: Potion            |     1 |       |     4 ||     5
         Scroll            |       |     1 |    15 ||    16
   Stab: Sleeping          |     1 |       |       ||     1
         Paralysed         |       |       |     5 ||     5
 Armour: Animal skin       |    26 |       |       ||    26
         Skin              |    11 |       |       ||    11
         Ring mail         |    12 |       |       ||    12
         Plate armour      |    33 |    54 |   319 ||   406
  Dodge: Dodged            |    43 |    13 |    75 ||   131

Table legend: (Time is in decaauts)
 A = Elapsed time spent in this place.
 B = Non-inter-level travel time spent in this place.
 C = Inter-level travel time spent in this place.
 D = Time resting spent in this place.
 E = Time spent auto-exploring this place.
 F = Levels seen in this place.
 G = Mean time per level.
                   A        B        C        D        E       F      G
               +--------+--------+--------+--------+--------+-----+--------+
         Total |   7520 |   7287 |    233 |   1094 |   4880 |  11 |  683.6 |
       Dungeon |   6687 |   6472 |    215 |    937 |   4515 |   8 |  835.9 |
        Temple |     22 |      4 |     18 |      0 |      0 |   1 |   22.0 |
         Sewer |    488 |    488 |      0 |      0 |    365 |   1 |  488.0 |
       Ossuary |    321 |    321 |      0 |    157 |      0 |   1 |  321.0 |
               +--------+--------+--------+--------+--------+-----+--------+

Top non-repeatable levels by time:
     D:4: 1191 daAuts
     D:5: 1190 daAuts
     D:6: 1111 daAuts
     D:7: 978 daAuts
     D:1: 939 daAuts
     D:3: 707 daAuts
     D:2: 561 daAuts
   Sewer: 488 daAuts
 Ossuary: 321 daAuts
  Temple: 22 daAuts
     D:8: 5 daAuts
